 Dungeon Crawl Stone Soup version bcrawl-1.36.5 (webtiles) character file.

Game seed: 4245632551123714600

490815 exe1 the Cleaver (level 11, -4/97 HPs)
             Began as a Minotaur Archaeologist on Aug 20, 2022.
             Was a Believer of Wu Jian.
             Slain by a polar bear (13 damage)
             ... in an ice cave.
             The game lasted 00:47:27 (7950 turns).

exe1 the Cleaver (Minotaur Archaeologist)           Turns: 7950, Time: 00:47:28

Health: -4/97      AC: 27    Str: 15    XL:     11   Next: 56%
Magic:  10/10      EV:  6    Int: 11    God:    Wu Jian [**....]
Gold:   287        SH: 21    Dex: 10    Spells: 10/10 levels left

rFire    + + .     GDR:     31% y - +4 hand axe "Fihun" {chop, rN+ MR+}
rCold    + . .     SeeInvis .   F - +6 medium shield of Xedeny {+Blink rPois Str-5 Dex-5}
rNeg     + . .     Gourm    .   D - +8 chain mail of Ennui {rPois Str+3 Dex+4}
rPois    +         Faith    .   d - +2 hat
rElec    .         Spirit   .   a - scarf {clouds}
rCorr    .         Reflect  .   s - +0 pair of gloves
MR       +++..                  n - +2 pair of boots
Stlth    ..........             (no amulet)
HPRegen  0.26/turn              h - ring "Kyoz" {rF+ rC+ MR+ Stlth+}
MPRegen  0.12/turn              p - ring of protection from magic

@: no status effects
A: retaliatory headbutt, horns 2, large bone plates 1, rugged brown scales 1,
fire resistance 1
a: Wall Jump, Serpent's Lash, Renounce Religion, Evoke Blink, Evoke Fog


You were in an ice cave.
You worshipped Wu Jian.
Wu Jian was pleased with you.
You were hungry.

You visited 3 branches of the dungeon, and saw 11 of its levels.
You also visited: Ice Cave.

You collected 708 gold pieces.
You spent 421 gold pieces at shops.

Inventory:

Hand Weapons
 b - a +0 blowgun
 m - a +4 hand axe
 o - a +1 short sword of speed
 y - the +4 hand axe "Fihun" (weapon) {chop, rN+ MR+}
   (You bought it in a shop on level 5 of the Dungeon)

   It will always inflict at least some extra damage.
   This minimum extra damage increases with your current reserve of magical
   power.
   It protects you from negative energy.
   It affects your resistance to hostile enchantments.
Missiles
 f - 6 curare-tipped needles
Armour
 a - a scarf of clouds (worn)
 d - a +2 hat (worn)
 n - a +2 pair of boots (worn)
 s - a +0 pair of gloves (worn)
 x - a +0 cloak
 D - the +8 chain mail of Ennui (worn) {rPois Str+3 Dex+4}
   (You found it on level 5 of the Dungeon)

   It affects your strength (+3).
   It affects your dexterity (+4).
   It protects you from poison.
 F - the +6 medium shield of Xedeny (worn) {+Blink rPois Str-5 Dex-5}
   (You bought it in a shop on level 5 of the Dungeon)

   It affects your strength (-5).
   It affects your dexterity (-5).
   It protects you from poison.
   It lets you blink.
Jewellery
 h - a ring "Kyoz" (left hand) {rF+ rC+ MR+ Stlth+}
   (You acquired it on level 3 of the Dungeon)

   [ring of protection from cold]

   It protects you from fire.
   It protects you from cold.
   It affects your resistance to hostile enchantments.
   It makes you more stealthy.
 p - a ring of protection from magic (right hand)
 t - an uncursed ring of protection from magic
 u - an uncursed ring of magical power
 v - a +4 ring of dexterity {unknown}
 w - an uncursed ring of protection from cold
Wands
 l - a wand of charming (14)
 C - a wand of digging (4)
 H - a wand of scattershot (5)
Scrolls
 g - 6 scrolls of magic mapping
 i - a scroll of identify
 k - 2 scrolls of torment {unknown}
 q - 5 scrolls of remove curse
 r - 2 scrolls of teleportation
 z - a scroll of enchant weapon
 E - a scroll of immolation
Potions
 c - 2 potions of lignification {unknown}
 j - 3 potions of magic
 A - a potion of flight
 G - 2 potions of curing
Comestibles
 e - 3 rations {!d}
 I - 2 chunks of flesh


   Skills:
 + Level 8.8 Fighting
 + Level 13.1(13.2) Axes
   Level 1.2(8.8) Maces & Flails
 + Level 9.7 Armour
 + Level 5.2 Dodging
 + Level 4.0 Stealth
 + Level 10.0 Shields


You had 10 spell levels left.
You didn't know any spells.
Your spell library was empty.

Dungeon Overview and Level Annotations

Branches:
Dungeon (9/12)             Temple (1/1) D:7            Lair (1/6) D:7
    Orc: D:8-11

Altars:
Dithmenos
Elyvilon
Fedhas
Kikubaaqudgha
Makhleb
Nemelex Xobeh
Ru
Sif Muna
Trog
Uskayaw
Wu Jian
Xom
The Shining One

Shops:
D:5 ([=[   D:7 }


Innate Abilities, Weirdness & Mutations

You reflexively headbutt those who attack you in melee.
You have a pair of horns on your head.
You are partially covered in large bone plates. (SH +4)
You are partially covered in rugged brown scales. (AC +1, +3% HP)
Your flesh is heat resistant. (rF+)


Message History

You hit the polar bear but do no damage.
Snnnck.
The polar bear is almost dead.
You hit the wolf.
Ssssck.
You hit the polar bear.
The polar bear is engulfed in freezing vapours.
You block the polar bear's attack. x2
The polar bear claws you but does no damage.
The wolf bites you but does no damage.
The polar bear goes berserk!
The polar bear is engulfed in freezing vapours.
The polar bear bites you!
* * * LOW HITPOINT WARNING * * *
The polar bear claws you but does no damage. x2
Your chain mail of Ennui prevents you from hitting the polar bear.
The polar bear is almost dead.
You hit the wolf. You slash the polar bear! The wolf bites you.
* * * LOW HITPOINT WARNING * * *
You block the polar bear's attack. x3
The polar bear is engulfed in freezing vapours.
The polar bear bites you!
You die...

#.....##
##.#.#.####
##..#.##
##.# ##.##.
#..##.#
#..# ##....
##.#####
##†##.##...
#...#.#
#.#.# ####
#.##.####
#...### #
#.#####.##
##..#.#
#..###h..#
##...##
##≈##@hh.#
##...#
#..#h#...#
###.##
##.○○##..#
##.## #.○##
#... #..#
##.# #....
##.. ###
##.# ##. ##
## #


You could see 2 polar bears and 2 wolves.

Vanquished Creatures
  2 death yaks (IceCv)
  Joseph (D:7)
  A black mamba (D:7)
  An ice statue (IceCv)
  A komodo dragon (D:6)
  An eye of draining (D:6)
  5 polar bears (IceCv)
  3 trolls
  A harpy skeleton (D:6)
  3 hippogriffs
  Sigmund (D:6)
  12 yaks
  A basilisk (D:6)
  Eustachio (D:4)
  2 water moccasins (D:8)
  3 crocodiles
  4 porcupines (D:6)
  2 sky beasts
  An orc warrior (D:6)
  3 ice beasts
  An ogre (D:6)
  A black bear (D:6)
  14 wolves
  2 bullfrogs
  A kobold brigand (D:5)
  2 centaurs
  A water moccasin zombie (D:7)
  3 scorpions
  5 orc priests
  2 crimson imps
  3 bullfrog skeletons
  A gnoll shaman (D:6)
  A hound (D:6)
  2 jellies (D:6)
  9 orc wizards
  An iguana (D:7)
  5 worker ants
  2 hound skeletons
  A howler monkey zombie (D:5)
  10 adders
  7 gnolls
  A shadow imp (D:8)
  12 white imps
  4 adder zombies
  A worm (D:3)
  A dart slug (D:1)
  4 leopard geckos
  45 orcs
  2 giant cockroaches
  6 goblins
  4 hobgoblins
  8 jackals
  3 kobolds
  2 quokkas
  2 ball pythons
  7 bats
  4 frilled lizards
  A jackal zombie (D:7)
  A rat (D:2)
  3 plants (D:7)
234 creatures vanquished.

Vanquished Creatures (others)
  A polar bear (IceCv)
1 creature vanquished.

Grand Total: 235 creatures vanquished

Notes
Turn   | Place    | Note
-------+----------+-------------------------------------------
     0 | D:1      | exe1 the Minotaur Archaeologist began the quest for the
                  | Orb.
     0 | D:1      | Reached XP level 1. HP: 16/16 MP: 0/0
   143 | D:1      | Reached XP level 2. HP: 23/23 MP: 1/1
   615 | D:1      | Reached skill level 1 in Axes
   859 | D:2      | Reached XP level 3. HP: 28/28 MP: 2/2
  1057 | D:2      | Reached skill level 2 in Axes
  1058 | D:2      | Reached XP level 4. HP: 25/36 MP: 3/3
  1306 | D:3      | Reached skill level 3 in Axes
  1420 | D:3      | Reached XP level 5. HP: 41/41 MP: 4/4
  1420 | D:3      | Identified a scroll of acquirement
  1420 | D:3      | Identified a ring "Kyoz" {rF+ rC+ MR+ Stlth+} (You acquired
                  | it on level 3 of the Dungeon)
  1652 | D:3      | Reached skill level 4 in Axes
  1708 | D:3      | Reached skill level 1 in Armour
  1915 | D:3      | Noticed a sky beast
  1928 | D:3      | Killed a sky beast
  1929 | D:3      | Reached skill level 5 in Axes
  1929 | D:3      | Reached XP level 6. HP: 33/50 MP: 5/5
  2220 | D:4      | Noticed Eustachio
  2233 | D:4      | Killed Eustachio
  2327 | D:4      | Reached skill level 6 in Axes
  2482 | D:4      | Reached XP level 7. HP: 45/57 MP: 6/6
  3141 | D:5      | Entered Level 5 of the Dungeon
  3152 | D:5      | Found Jabro's Jewellery Shoppe.
  3247 | D:5      | Found Vyrradie's Antique Armour Shoppe.
  3287 | D:5      | Found Hitovyus's Antique Weapon Shop.
  3336 | D:5      | Bought a slimy hand axe for 184 gold pieces
  3337 | D:5      | Identified the +4 hand axe "Fihun" {chop, rN+ MR+} (You
                  | bought it in a shop on level 5 of the Dungeon)
  3398 | D:5      | Noticed a hippogriff
  3407 | D:5      | Reached skill level 7 in Axes
  3413 | D:5      | Killed a hippogriff
  3434 | D:5      | Noticed a hippogriff
  3441 | D:5      | Killed a hippogriff
  3442 | D:5      | Reached skill level 8 in Axes
  3442 | D:5      | Reached skill level 5 in Armour
  3442 | D:5      | Reached XP level 8. HP: 45/66 MP: 7/7
  3678 | D:5      | Found Astreevou's Armour Shop.
  3681 | D:5      | Got an encrusted chain mail
  3700 | D:5      | Got a faintly humming chain mail
  3788 | D:5      | Bought a heavily runed medium shield for 237 gold pieces
  3793 | D:5      | Identified the +6 medium shield of Xedeny {+Blink rPois
                  | Str-5 Dex-5} (You bought it in a shop on level 5 of the
                  | Dungeon)
  3820 | D:5      | Identified the +8 chain mail of Ennui {rPois Str+3 Dex+4}
                  | (You found it on level 5 of the Dungeon)
  3935 | D:5      | Noticed a troll
  3949 | D:5      | Killed a troll
  4118 | D:6      | Noticed a troll
  4128 | D:6      | Killed a troll
  4129 | D:6      | Reached skill level 9 in Axes
  4129 | D:6      | Reached skill level 1 in Shields
  4352 | D:6      | Reached skill level 5 in Fighting
  4381 | D:6      | Noticed a komodo dragon
  4396 | D:6      | Killed a komodo dragon
  4397 | D:6      | Reached XP level 9. HP: 47/74 MP: 8/8
  4541 | D:6      | Gained mutation: You are partially covered in rugged brown
                  | scales. (AC +1, +3% HP) [potion of mutation]
  4541 | D:6      | Gained mutation: You are partially covered in large bone
                  | plates. (SH +4) [potion of mutation]
  4541 | D:6      | Gained mutation: Your flesh is heat resistant. (rF+)
                  | [potion of mutation]
  4705 | D:6      | Noticed Sigmund
  4713 | D:6      | Killed Sigmund
  4739 | D:6      | Reached skill level 10 in Axes
  5075 | D:6      | Reached skill level 5 in Shields
  5098 | D:7      | Noticed an eye of draining
  5128 | D:6      | Reached XP level 10. HP: 57/86 MP: 2/9
  5357 | D:7      | Reached skill level 11 in Axes
  5498 | D:7      | Identified the cursed +0 chain mail of Perpetual Drought
                  | {Slay+6} (You found it on level 5 of the Dungeon)
  5590 | D:7      | Found a staircase to the Ecumenical Temple.
  5601 | Temple   | Entered the Ecumenical Temple
  5728 | Temple   | Became a worshipper of the Wu Jian Council
  5826 | D:7      | Found a staircase to the Lair.
  5875 | D:7      | Noticed Joseph
  5894 | D:7      | Killed Joseph
  6047 | D:7      | Found Teti's Gadget Shoppe.
  6289 | D:8      | Found a shadowy altar of Dithmenos.
  6360 | D:8      | Found a hide-covered altar of Uskayaw.
  6364 | D:8      | Found a blossoming altar of Fedhas.
  6469 | D:8      | Found a sacrificial altar of Ru.
  6629 | D:8      | Found a shimmering blue altar of Sif Muna.
  7037 | D:8      | Reached skill level 12 in Axes
  7385 | Lair:1   | Entered Level 1 of the Lair of Beasts
  7385 | Lair:1   | Found a frozen archway.
  7387 | Lair:1   | Noticed a black mamba
  7403 | D:7      | Reached * piety under Wu Jian
  7415 | D:7      | Killed a black mamba
  7416 | D:7      | Reached skill level 5 in Dodging
  7445 | IceCv    | Entered an ice cave
  7463 | IceCv    | Reached XP level 11. HP: 94/96 MP: 10/10
  7736 | IceCv    | Noticed a death yak
  7736 | IceCv    | Noticed a death yak
  7759 | IceCv    | Killed a death yak
  7759 | IceCv    | Reached ** piety under Wu Jian
  7766 | IceCv    | Killed a death yak
  7794 | IceCv    | Reached skill level 13 in Axes
  7941 | IceCv    | Reached skill level 10 in Shields
  7950 | IceCv    | Slain by a polar bear

Skill      XL: |  1  2  3  4  5  6  7  8  9 10 11 |
---------------+----------------------------------+-----
Stealth        | 3 4 |  4.0
Axes           | 1 2 3 5 6 8 9 10 12 13 | 13.1
Fighting       | 2 3 4 5 6 8 |  8.8
Dodging        | 4 5 |  5.2
Armour         | 1 2 5 7 8 9 |  9.7
Shields        | 2 5 8 10 | 10.0
Maces & Flails | |  1.2

Action                   |  1- 3 |  4- 6 |  7- 9 | 10-12 || total
-------------------------+-------+-------+-------+-------++-------
Melee: Hand axe          |    50 |   120 |   283 |   436 ||   889
       Headbutt          |     6 |    19 |    42 |    82 ||   149
       Whip              |     1 |       |       |       ||     1
       Dagger            |     6 |       |       |       ||     6
Invok: Whirlwind         |       |       |       |    33 ||    33
       Lunge             |       |       |       |    14 ||    14
  Use: Scroll            |     2 |     1 |     9 |     7 ||    19
       Potion            |       |       |     7 |     1 ||     8
 Stab: Sleeping          |     1 |       |       |       ||     1
  Eat: Ration            |     1 |     2 |     4 |     4 ||    11
       Chunk             |       |       |       |     1 ||     1
Armor: Robe              |    23 |       |       |       ||    23
       Plate armour      |     5 |    77 |    97 |       ||   179
       Chain mail        |       |       |   122 |   162 ||   284
Dodge: Dodged            |    35 |    29 |    32 |    45 ||   141
Block: Medium shield     |       |       |   165 |   392 ||   557
